TOP OF THE 1ST |
Jasper Cougars batting - Pitching for Colorado Commanders : RHP Mike Schmidt
|
Pitching: RHP Mike Schmidt
|
|
Batting: LHB Luis García
|
0-0: Foul Ball, location: 2F 0-1: Ball 1-1: Swinging Strike 1-2: Foul Ball, location: 2F 1-2: Ball 2-2: Strikes out swinging
|
Batting: LHB Iván Soriano
|
0-0: Ball 1-0: Swinging Strike 1-1: Ball 2-1: Ground out 6-3 (Groundball, 6)
|
Batting: RHB Ben Wilson
|
0-0: Ball 1-0: Ground out U3 (Groundball, 34)
|
Top of the 1st over - 0 runs, 0 hits, 0 errors, 0 left on base; Jasper 0 - Colorado 0 |
BOTTOM OF THE 1ST |
Colorado Commanders batting - Pitching for Jasper Cougars : RHP Pat Wright
|
Pitching: RHP Pat Wright
|
|
Batting: SHB Miguel Price
|
0-0: SOLO HOME RUN (Flyball, 8RXD), Distance : 435 ft
|
Batting: RHB Lawrence Ware
|
0-0: Fly out, F4 (Line Drive, 4)
|
Batting: LHB Roberto Herrera
|
0-0: Foul Ball, location: 2F 0-1: Foul Ball, location: 2F 0-2: Strikes out looking
|
Batting: LHB Francisco Ríos
|
0-0: Ball 1-0: Called Strike 1-1: Ball 2-1: Called Strike 2-2: Fly out, F6 (Line Drive, 6)
|
Bottom of the 1st over - 1 run, 1 hit, 0 errors, 0 left on base; Jasper 0 - Colorado 1 |
TOP OF THE 2ND |
Jasper Cougars batting - Pitching for Colorado Commanders : RHP Mike Schmidt
|
Batting: RHB Andrés Pérez
|
0-0: Called Strike 0-1: Called Strike 0-2: Ball 1-2: Strikes out swinging
|
Batting: RHB Tim Guerrero
|
0-0: Ball 1-0: Foul Ball, location: 2F 1-1: Ball 2-1: Fly out, F8 (Flyball, 8RM)
|
Batting: RHB Júlio González
|
0-0: Called Strike 0-1: Foul Ball, location: 2F 0-2: Ball 1-2: Foul Ball, location: 2F 1-2: Foul Ball, location: 2F 1-2: Foul Ball, location: 2F 1-2: Strikes out swinging
|
Top of the 2nd over - 0 runs, 0 hits, 0 errors, 0 left on base; Jasper 0 - Colorado 1 |
BOTTOM OF THE 2ND |
Colorado Commanders batting - Pitching for Jasper Cougars : RHP Pat Wright
|
Batting: RHB Henry Cahill
|
0-0: Called Strike 0-1: SINGLE (Flyball, 4D)
|
Batting: RHB William Dyer
|
0-0: Ball 1-0: Fly out, F9 (Flyball, 9S)
|
Batting: RHB Júlio Ramos
|
0-0: Called Strike 0-1: Foul Ball, location: 2F 0-2: Strikes out swinging
|
Batting: RHB Carlos Jiménez
|
0-0: Ball 1-0: Fly out, F9 (Flyball, 9S)
|
Bottom of the 2nd over - 0 runs, 1 hit, 0 errors, 1 left on base; Jasper 0 - Colorado 1 |
TOP OF THE 3RD |
Jasper Cougars batting - Pitching for Colorado Commanders : RHP Mike Schmidt
|
Batting: RHB Manny López
|
0-0: Ball 1-0: SINGLE (Groundball, 6MD)
|
Batting: RHB Ken Pérez
|
0-0: Foul Ball, location: 2F 0-1: Called Strike 0-2: Strikes out swinging
|
Batting: RHB Ollie Johnson
|
0-0: SINGLE (Groundball, 6MD) Manny López to second
|
Batting: LHB Luis García
|
0-0: Called Strike 0-1: Called Strike 0-2: DOUBLE (Line Drive, 9LM) Manny López scores Ollie Johnson to third Runner from 3rd tries for Home, SAFE, no throw
|
Batting: LHB Iván Soriano
|
0-0: Ball 1-0: Ball 2-0: Swinging Strike 2-1: Foul Ball, location: 2F 2-2: Strikes out swinging
|
Batting: RHB Ben Wilson
|
0-0: Swinging Strike 0-1: Ball 1-1: Foul Ball, location: 2F 1-2: Ball 2-2: Ball 3-2: Foul Ball, location: 2F 3-2: Strikes out looking
|
Top of the 3rd over - 2 runs, 3 hits, 0 errors, 1 left on base; Jasper 2 - Colorado 1 |
BOTTOM OF THE 3RD |
Colorado Commanders batting - Pitching for Jasper Cougars : RHP Pat Wright
|
Batting: RHB Eric Patrick
|
0-0: Fly out, F3 (Popup, 3SF)
|
Batting: SHB Miguel Price
|
0-0: Ball 1-0: Ball 2-0: Fly out, F8 (Flyball, 8RXD)
|
Batting: RHB Lawrence Ware
|
0-0: Ball 1-0: Swinging Strike 1-1: Ball 2-1: Fly out, F2 (Popup, 3SF)
|
Bottom of the 3rd over - 0 runs, 0 hits, 0 errors, 0 left on base; Jasper 2 - Colorado 1 |
TOP OF THE 4TH |
Jasper Cougars batting - Pitching for Colorado Commanders : RHP Mike Schmidt
|
Batting: RHB Andrés Pérez
|
0-0: Fly out, F8 (Flyball, 8LS)
|
Batting: RHB Tim Guerrero
|
0-0: Ball 1-0: SINGLE (Flyball, 9LS)
|
Batting: RHB Júlio González
|
0-0: Called Strike 0-1: Swinging Strike 0-2: Strikes out swinging
|
Batting: RHB Manny López
|
0-0: Ball 1-0: Fly out, F9 (Flyball, 9S)
|
Top of the 4th over - 0 runs, 1 hit, 0 errors, 1 left on base; Jasper 2 - Colorado 1 |
BOTTOM OF THE 4TH |
Colorado Commanders batting - Pitching for Jasper Cougars : RHP Pat Wright
|
Batting: LHB Roberto Herrera
|
0-0: Ball 1-0: Foul Ball, location: 2F 1-1: Called Strike 1-2: Foul Ball, location: 2F 1-2: Ball 2-2: Hit by Pitch
|
Batting: LHB Francisco Ríos
|
0-0: Ball 1-0: Ball 2-0: SINGLE (Line Drive, 8RS) Roberto Herrera to second
|
Batting: RHB Henry Cahill
|
0-0: Ball 1-0: Called Strike 1-1: Ball 2-1: Swinging Strike 2-2: Strikes out looking
|
Batting: RHB William Dyer
|
0-0: Ball 1-0: Ball 2-0: Called Strike 2-1: Foul Ball, location: 2F 2-2: Ball 3-2: Ground out 3-1 (Groundball, 34S) Roberto Herrera to third Francisco Ríos to second
|
Batting: RHB Júlio Ramos
|
0-0: Fly out, F5 (Line Drive, 5L)
|
Bottom of the 4th over - 0 runs, 1 hit, 0 errors, 2 left on base; Jasper 2 - Colorado 1 |
TOP OF THE 5TH |
Jasper Cougars batting - Pitching for Colorado Commanders : RHP Mike Schmidt
|
Batting: RHB Ken Pérez
|
0-0: Foul Ball, location: 2F 0-1: Ball 1-1: Fly out, F9 (Flyball, 9S)
|
Batting: RHB Ollie Johnson
|
0-0: Fly out, F7 (Flyball, 7)
|
Batting: LHB Luis García
|
0-0: Ball 1-0: Swinging Strike 1-1: Ball 2-1: Ground out 6-3 (Groundball, 6D)
|
Top of the 5th over - 0 runs, 0 hits, 0 errors, 0 left on base; Jasper 2 - Colorado 1 |
BOTTOM OF THE 5TH |
Colorado Commanders batting - Pitching for Jasper Cougars : RHP Pat Wright
|
Batting: RHB Carlos Jiménez
|
0-0: SINGLE (Groundball, 6D)
|
Batting: RHB Eric Patrick
|
0-0: Fielders Choice at 2nd, 6-4 (Groundball, 6)
|
Batting: SHB Miguel Price
|
0-0: Ball Eric Patrick steals 2nd base 1-0: SINGLE (Line Drive, 89S) Eric Patrick to third Runner from 3rd tries for Home, SAFE, no throw
|
Batting: RHB Lawrence Ware
|
0-0: Ball 1-0: Ball 2-0: SINGLE (Groundball, 34D) Miguel Price to second Runner from 2nd tries for 3rd, SAFE, no throw
|
Batting: LHB Roberto Herrera
|
0-0: Foul Ball, location: 2F 0-1: Called Strike Lawrence Ware steals 2nd base 0-2: Ball 1-2: Ground out 6-3 (Groundball, 6)
|
Batting: LHB Francisco Ríos
|
0-0: Called Strike 0-1: Ball 1-1: Foul Ball, location: 2F 1-2: Foul Ball, location: 2F 1-2: Foul Ball, location: 2F 1-2: Fly out, F8 (Line Drive, 8LM)
|
Bottom of the 5th over - 1 run, 3 hits, 0 errors, 2 left on base; Jasper 2 - Colorado 2 |
TOP OF THE 6TH |
Jasper Cougars batting - Pitching for Colorado Commanders : RHP Mike Schmidt
|
Batting: LHB Iván Soriano
|
0-0: Ball 1-0: Called Strike 1-1: Swinging Strike 1-2: Strikes out looking
|
Batting: RHB Ben Wilson
|
0-0: Foul Ball, location: 2F 0-1: Ball 1-1: Swinging Strike 1-2: Fly out, F9 (Flyball, 9)
|
Batting: RHB Andrés Pérez
|
0-0: SOLO HOME RUN (Flyball, 7LD), Distance : 340 ft
|
Batting: RHB Tim Guerrero
|
0-0: Called Strike 0-1: Swinging Strike 0-2: Ball 1-2: Fly out, F7 (Flyball, 7LS)
|
Top of the 6th over - 1 run, 1 hit, 0 errors, 0 left on base; Jasper 3 - Colorado 2 |
BOTTOM OF THE 6TH |
Colorado Commanders batting - Pitching for Jasper Cougars : RHP Pat Wright
|
Batting: RHB Henry Cahill
|
0-0: Foul Ball, location: 2F 0-1: Ball 1-1: Foul Ball, location: 2F 1-2: Fly out, F9 (Flyball, 9LM)
|
Batting: RHB William Dyer
|
0-0: Foul Ball, location: 2F 0-1: Foul Ball, location: 2F 0-2: Ball 1-2: Ball 2-2: Strikes out swinging
|
Batting: RHB Júlio Ramos
|
0-0: Ball 1-0: Ground out 6-3 (Groundball, 6)
|
Bottom of the 6th over - 0 runs, 0 hits, 0 errors, 0 left on base; Jasper 3 - Colorado 2 |
TOP OF THE 7TH |
Jasper Cougars batting - Pitching for Colorado Commanders : RHP Mike Schmidt
|
Batting: RHB Júlio González
|
0-0: Ball 1-0: Called Strike 1-1: Ground out 5-3 (Groundball, 56)
|
Batting: RHB Manny López
|
0-0: Foul Ball, location: 2F 0-1: Foul Ball, location: 2F 0-2: Ball 1-2: Ball 2-2: Strikes out swinging
|
Batting: RHB Ken Pérez
|
0-0: Called Strike 0-1: Called Strike 0-2: Foul Ball, location: 2F 0-2: Strikes out swinging
|
Top of the 7th over - 0 runs, 0 hits, 0 errors, 0 left on base; Jasper 3 - Colorado 2 |
BOTTOM OF THE 7TH |
Colorado Commanders batting - Pitching for Jasper Cougars : LHP Logan Brown
|
Pitching: LHP Logan Brown
|
|
Batting: RHB Carlos Jiménez
|
0-0: Called Strike 0-1: Called Strike 0-2: Strikes out swinging
|
Batting: RHB Eric Patrick
|
0-0: Called Strike 0-1: Swinging Strike 0-2: Foul Ball, location: 2F 0-2: Ball 1-2: Strikes out looking
|
Batting: SHB Miguel Price
|
0-0: Ball 1-0: SOLO HOME RUN (Flyball, 7D), Distance : 342 ft
|
Batting: RHB Lawrence Ware
|
0-0: Ball 1-0: Ball 2-0: Called Strike 2-1: Ground out 4-3 (Groundball, 4MS)
|
Bottom of the 7th over - 1 run, 1 hit, 0 errors, 0 left on base; Jasper 3 - Colorado 3 |
TOP OF THE 8TH |
Jasper Cougars batting - Pitching for Colorado Commanders : RHP Mike Schmidt
|
Pinch Hitting: SHB Kel Davis
|
0-0: Called Strike 0-1: Called Strike 0-2: SINGLE (Groundball, 5D)
|
Pinch Runner at 1st Alberto Morín:
|
|
Batting: LHB Luis García
|
0-0: Ball 1-0: Called Strike 1-1: Ball 2-1: Bunt missed! 2-2: Fielders Choice at 2nd, 1-6 (Groundball, 13S)
|
Batting: LHB Iván Soriano
|
0-0: Ball Luis García is caught stealing 2nd base 1-0: Ground out U3 (Groundball, 34S)
|
Top of the 8th over - 0 runs, 1 hit, 0 errors, 0 left on base; Jasper 3 - Colorado 3 |
BOTTOM OF THE 8TH |
Colorado Commanders batting - Pitching for Jasper Cougars : LHP Logan Brown
|
Now in LF: Alberto Morín
|
|
Batting: LHB Roberto Herrera
|
0-0: Called Strike 0-1: Foul Ball, location: 2F 0-2: Ball 1-2: Strikes out swinging
|
Batting: LHB Francisco Ríos
|
0-0: Ground out 4-3 (Groundball, 4)
|
Batting: RHB Henry Cahill
|
0-0: Ground out 5-3 (Groundball, 25)
|
Bottom of the 8th over - 0 runs, 0 hits, 0 errors, 0 left on base; Jasper 3 - Colorado 3 |
TOP OF THE 9TH |
Jasper Cougars batting - Pitching for Colorado Commanders : RHP Mike Schmidt
|
Pitching: RHP Jimmy MacAulay
|
|
Batting: RHB Ben Wilson
|
0-0: Foul Ball, location: 2F 0-1: SINGLE (Flyball, 9S)
|
Pinch Hitting: LHB John Miller
|
0-0: Ball 1-0: Called Strike 1-1: Ball 2-1: Foul Ball, location: 2F 2-2: Ball 3-2: SINGLE (Line Drive, 56) Ben Wilson to second
|
Pinch Hitting: RHB Donald Fenner
|
0-0: Called Strike 0-1: Ball 1-1: Ball 2-1: Ball 3-1: Base on Balls Ben Wilson to third John Miller to second
|
Pinch Hitting: SHB Jerry Young
|
0-0: Grounds into fielders choice 4-2 (Groundball, 4M) John Miller to third Donald Fenner to second
|
Pinch Hitting: LHB Leon Malone
|
0-0: Called Strike 0-1: Grounds into fielders choice 4-2 (Groundball, 4) Donald Fenner to third Jerry Young to second
|
Pinch Hitting: RHB Amdre Casse
|
0-0: Ball 1-0: Ball 2-0: Ball 3-0: Base on Balls Donald Fenner scores Jerry Young to third Leon Malone to second
|
Batting: RHB Alberto Morín
|
0-0: Ball 1-0: Ball 2-0: Foul Ball, location: 2F 2-1: Foul Ball, location: 2F 2-2: DOUBLE (Line Drive, 7LM) Jerry Young scores Leon Malone scores Amdre Casse to third Runner from 3rd tries for Home, SAFE, no throw
|
Pitching: RHP Jules Pizzonia
|
|
Batting: LHB Luis García
|
0-0: Foul Ball, location: 2F 0-1: Foul Ball, location: 2F 0-2: Strikes out swinging
|
Top of the 9th over - 4 runs, 3 hits, 0 errors, 1 left on base; Jasper 7 - Colorado 3 |
BOTTOM OF THE 9TH |
Colorado Commanders batting - Pitching for Jasper Cougars : LHP Logan Brown
|
Pitching: RHP Cipriano Román
|
|
Now at C: Bob Vaughn
|
|
Now at 2B: Leon Malone
|
|
Now at 3B: Donald Fenner
|
|
Now in LF: Amdre Casse
|
|
Now in RF: John Miller
|
|
Batting: RHB William Dyer
|
0-0: SOLO HOME RUN (Flyball, 78XD), Distance : 380 ft
|
Batting: RHB Júlio Ramos
|
0-0: Ball 1-0: Called Strike 1-1: Ball 2-1: Foul Ball, location: 2F 2-2: Foul Ball, location: 2F 2-2: Foul Ball, location: 2F 2-2: Ground out U3 (Groundball, 34)
|
Batting: RHB Carlos Jiménez
|
0-0: Foul Ball, location: 2F 0-1: Swinging Strike 0-2: Strikes out swinging
|
Batting: RHB Eric Patrick
|
0-0: Ball 1-0: Called Strike 1-1: Ball 2-1: Ball 3-1: SINGLE (Line Drive, 9LS)
|
Batting: SHB Miguel Price
|
0-0: Ball 1-0: Ball 2-0: Ball 3-0: Base on Balls Eric Patrick to second
|
Pinch Hitting: LHB Arthur Guzmán
|
0-0: Ball 1-0: SINGLE (Flyball, 89S) Eric Patrick to third Miguel Price to second
|
Batting: LHB Roberto Herrera
|
0-0: Foul Ball, location: 2F 0-1: Ball 1-1: Ball 2-1: Called Strike 2-2: Foul Ball, location: 2F 2-2: Strikes out swinging
|
Bottom of the 9th over - 1 run, 3 hits, 0 errors, 3 left on base; Jasper 7 - Colorado 4 |
|